 Dungeon Crawl Stone Soup version 0.27.1-34-g3ba077fa99 (webtiles) character file.

Game seed: 3969582143054470909

577 cbfl8 the Sneak (level 7, -4/60 HPs)
             Began as a Minotaur Delver on Jan 22, 2022.
             Slain by a vampire (7 damage)
             ... on level 5 of the Dungeon.
             The game lasted 00:13:28 (5011 turns).

cbfl8 the Sneak (Minotaur Delver)                   Turns: 5011, Time: 00:13:28

Health: -4/60      AC:  8    Str: 18    XL:     7   Next: 13%
Magic:  6/6        EV: 10    Int:  8    God:
Gold:   122        SH:  3    Dex: 11    Spells: 6/6 levels left

rFire    . . .     SeeInvis .   y - +3 hand axe
rCold    . . .     Faith    .   r - +0 buckler
rNeg     . . .     Spirit   .   u - +0 scale mail
rPois    +         Reflect  .   (helmet restricted)
rElec    .         Harm     .   (no cloak)
rCorr    .         Rampage  .   k - +0 pair of gloves
Will     .....                  (no boots)
Stlth    ++........             m - amulet of the acrobat
HPRegen  0.20/turn              (no ring)
MPRegen  0.10/turn              (no ring)

@: no status effects
A: horns 2, retaliatory headbutt, poison resistance, evolution 1
a: no special abilities


You were on level 5 of the Dungeon.
You visited 1 branch of the dungeon, and saw 5 of its levels.

You collected 122 gold pieces.

Inventory:

Hand Weapons
 a - a +0 hand axe
 x - a +0 hunting sling
 y - a +3 hand axe (weapon)
Missiles
 q - 66 arrows
 s - 23 bolts
 t - 90 stones (quivered)
 C - 16 poisoned darts
Armour
 b - a +0 leather armour
 k - a +0 pair of gloves (worn)
 l - a +0 ring mail
 p - a +0 helmet
 r - a +0 buckler (worn)
 u - a +0 scale mail (worn)
 B - a +0 pair of gloves
Jewellery
 j - an amulet of guardian spirit
 m - an amulet of the acrobat (around neck)
Wands
 g - a wand of digging (3)
Scrolls
 c - a scroll of fog
 d - 2 scrolls of magic mapping
 e - a scroll of fear
 n - a scroll of enchant armour {unknown}
 o - 2 scrolls of identify
 v - a scroll of silence {unknown}
 z - a scroll of teleportation
Potions
 f - 3 potions of haste
 h - a potion of invisibility {unknown}
 i - 3 potions of lignification
 w - 2 potions of attraction
 A - a potion of brilliance


   Skills:
 + Level 4.6 Fighting
 + Level 5.0 Axes
 + Level 4.0 Armour
 + Level 3.0 Dodging
 * Level 5.8 Stealth
 + Level 1.2 Shields


You had 6 spell levels left.
You didn't know any spells.
Your spell library contained the following spells:

 Spells                   Type           Power      Damage    Failure   Level
 Foxfire                  Conj/Fire      0%         2x1d4     88%         1
 Slow                     Hex            0%         N/A       96%         2
 Confusing Touch          Hex            0%         N/A       99%         3
 Conjure Flame            Conj/Fire      0%         6-21      99%         3
 Inner Flame              Hex/Fire       0%         N/A       99%         3
 Vampiric Draining        Necr           0%         2d6       99%         3


Dungeon Overview and Level Annotations

Branches:
Dungeon (5/15)
 Temple: D:4-7

Altars:

Shops:
D:2 *


Innate Abilities, Weirdness & Mutations

You have a pair of horns on your head.
You reflexively headbutt those who attack you in melee.
Your system is resistant to poisons. (rPois)
You evolve.


Message History

Found 11 stones.
Found a robe.
A vampire comes into view.
The vampire hits you. The vampire bites you!
The vampire draws strength from your injuries!
You slash the vampire!
The vampire is moderately damaged.
The vampire casts a spell.
The vampire flickers and vanishes!
Deactivating autopickup; reactivate with Ctrl-A.
You barely miss something. Something hits you.
Something bites you but does no damage. Something hits you but does no damage.
Something bites you!
Something draws strength from your injuries!
You miss something. Something completely misses you. Something bites you!
Something draws strength from your injuries!
You closely miss something. Something hits you. Something bites you.
Something draws strength from your injuries!
You closely miss something. Your headbutt misses something.
Something hits you but does no damage. Something bites you but does no damage.
You hit something. Something hits you but does no damage. Something bites you!
* * * LOW HITPOINT WARNING * * *
Something draws strength from your injuries!
Okay, then.
As you read the scroll of fog, it crumbles to dust.
The scroll dissolves into smoke.
Something hits you but does no damage. Something bites you.
* * * LOW HITPOINT WARNING * * *
Something draws strength from your injuries!
You can't see any enemies this would affect, really read the scroll of fear? [Y]es or [N]o only, please.
You can't see any enemies this would affect, really read the scroll of fear?
Okay, then.
As you read the scroll labelled QEATANL QIYF, it crumbles to dust.
It is a scroll of identify.
z - a scroll of teleportation Something hits you!
* * * LOW HITPOINT WARNING * * *
Something bites you!
You die...

######.#
#@{§...# ##
#§###(.##..
#§###......
#.#...#.[.
#.#.#...
#.#.#.#
#.....# #
###..## #
##.# # # #
.


There were no monsters in sight!

Vanquished Creatures
  A black bear (D:4)
  An ogre (D:4)
  A phantom (D:4)
  A scorpion (D:4)
  A centaur zombie (D:5)
  2 jellies (D:3)
  A hound (D:5)
  An iguana (D:4)
  A hound zombie (D:4)
  4 adders
  An adder skeleton (D:4)
  A worm (D:2)
  2 dart slugs (D:3)
  An orc (D:3)
  6 ball pythons
  2 bats (D:2)
  8 endoplasms
  2 giant cockroaches
  3 goblins
  9 hobgoblins
  4 jackals (D:3)
  2 quokkas
  A frilled lizard (D:1)
  4 kobolds
  3 rats
63 creatures vanquished.

Vanquished Creatures (others)
  11 plants
11 creatures vanquished.

Grand Total: 74 creatures vanquished

Notes
Turn   | Place    | Note
-------+----------+-------------------------------------------
     0 | D:5      | cbfl8 the Minotaur Delver began the quest for the Orb.
     0 | D:5      | Reached XP level 1. HP: 19/19 MP: 0/0
     9 | D:5      | Noticed a hound
    27 | D:5      | Killed a hound
    28 | D:5      | Reached XP level 2. HP: 20/27 MP: 1/1
   126 | D:5      | Reached XP level 3. HP: 10/33 MP: 2/2
   387 | D:5      | Reached skill level 5 in Stealth
   387 | D:5      | Reached XP level 4. HP: 32/40 MP: 3/3
   428 | D:3      | Found a faded altar of an unknown god.
   527 | D:3      | Noticed a bullfrog
   527 | D:3      | Noticed a gnoll sergeant
   527 | D:3      | Noticed a bullfrog
   611 | D:2      | Found Fuckuw's Assorted Antiques.
   681 | D:1      | Reached skill level 1 in Armour
  2695 | D:3      | Reached XP level 5. HP: 46/46 MP: 4/4
  3896 | D:4      | HP: 3/69 [poisoned by a scorpion]
  3900 | D:4      | Gained mutation: You evolve. [potion of mutation]
  3900 | D:4      | Gained mutation: Your system is resistant to poisons.
                  | (rPois) [potion of mutation]
  3903 | D:4      | Reached XP level 6. HP: 23/52 MP: 5/5
  4198 | D:4      | Reached skill level 1 in Shields
  4676 | D:4      | Reached skill level 5 in Axes
  4676 | D:4      | Reached XP level 7. HP: 60/60 MP: 6/6
  5002 | D:5      | Noticed a vampire
  5011 | D:5      | HP: 3/60 [something (12)]
  5011 | D:5      | Slain by a vampire

Illustrated notes

Levels and vault maps discovered:
D:1:      lordsloth_arrival_two_stooges, layout_loops_corners, serial_forest,
          infiniplex_forest_lined_4_way, infiniplex_forest_lined_4_way,
          infiniplex_forest_clump_tiny, infiniplex_forest_clump_cross,
          infiniplex_forest_end_2, infiniplex_forest_zigzag_1,
          infiniplex_forest_lined_room_2
D:2:      layout_basic, serial_shops, nicolae_shop_trees, minmay_cupped
D:3:      layout_loops_corners, serial_bayou, serial_bayou_pond_b,
          serial_bayou_shore_a, serial_bayou_ford_a, serial_bayou_shore_b,
          ebering_ecumenical_altar_webs, lightli_corner_chamber
D:4:      minmay_skewed_foursquare, layout_basic
D:5:      layout_loops_cross

Skill      XL: |  1  2  3  4  5  6 |
---------------+-------------------+-----
Fighting       | 4 |  4.6
Stealth        | 5 |  5.8
Armour         | 2 3 4 |  4.0
Axes           | 3 5 |  5.0
Shields        | 1 |  1.2
Dodging        | 3 |  3.0

Action                   |  1- 3 |  4- 6 |  7- 9 || total
-------------------------+-------+-------+-------++-------
Melee: Hand axe          |    14 |   165 |     6 ||   185
       Headbutt          |     4 |    32 |       ||    36
  Use: Potion            |       |     6 |       ||     6
       Scroll            |       |       |     2 ||     2
 Stab: Sleeping          |     1 |     6 |       ||     7
Armor: Leather armour    |     3 |     1 |       ||     4
       Ring mail         |       |    47 |       ||    47
       Skin              |       |    10 |       ||    10
       Scale mail        |       |       |     6 ||     6
Dodge: Dodged            |    11 |    83 |     1 ||    95
Block: Buckler           |       |    17 |       ||    17
